 Dungeon Crawl Stone Soup version 0.20-a0-350-ga83eecc (webtiles) character file.

587 RonnieColeman the Thaumaturge (level 7, 0/36 HPs)
             Began as a Deep Elf Conjurer on Dec 26, 2016.
             Slain by Edmund
             ... wielding a +3 flail of protection
              (6 damage)
             ... on level 6 of the Dungeon.
             The game lasted 00:11:46 (4061 turns).

RonnieColeman the Thaumaturge (Deep Elf Conjurer)   Turns: 4061, Time: 00:11:48

Health: 0/36       AC:  2    Str:  5    XL:     7   Next: 15%
Magic:  0/20       EV: 13    Int: 22    God:
Gold:   332        SH:  0    Dex: 15    Spells: 12/22 levels left

rFire  + . .     SeeInvis .     m - +1 spear
rCold  . . .     Gourm    .     a - +0 robe
rNeg   . . .     Faith    +     (no shield)
rPois  +         Spirit   .     (no helmet)
rElec  .         Reflect  .     (no cloak)
rCorr  .         Harm     .     (no gloves)
MR     .....                    (no boots)
Stlth  ++........               p - amulet of faith
                                y - ring of protection from fire
                                u - ring of poison resistance

@: no status effects
A: no striking features
a: no special abilities


You were on level 6 of the Dungeon.
You were not hungry.

You visited 1 branch of the dungeon, and saw 6 of its levels.

You collected 332 gold pieces.

Inventory:

Hand Weapons
 f - a +1 short sword of speed
 m - a +1 spear (weapon)
 A - a +1 dagger of draining
Armour
 a - a +0 robe (worn)
 B - a +0 leather armour of magic resistance
Jewellery
 p - an amulet of faith (around neck)
 u - a ring of poison resistance (left hand)
 y - a ring of protection from fire (right hand)
 F - an uncursed ring of ice
Wands
 D - a wand of iceblast (4/15)
Scrolls
 g - 4 scrolls of teleportation
 h - 2 scrolls of fog {unknown}
 i - a scroll of blinking {unknown}
 j - 9 scrolls of identify
 k - a scroll of fear {unknown}
 l - a scroll of random uselessness {unknown}
 n - a scroll of immolation {unknown}
 q - 2 scrolls of magic mapping
 s - a scroll of recharging
 C - a scroll of remove curse
Potions
 d - 5 potions of curing
 e - 2 potions of heal wounds {unknown}
 r - 2 potions of cure mutation {unknown}
 t - a potion of magic {unknown}
 v - a potion of ambrosia {unknown}
 x - 2 potions of brilliance {unknown}
 z - a potion of lignification {unknown}
Books
 b - a book of Conjurations

   Spells                             Type                      Level
   a - Magic Dart                     Conjuration                  1
   b - Searing Ray                    Conjuration                  2
   c - Dazzling Spray                 Conjuration/Hexes            3
   d - Fulminant Prism                Conjuration/Hexes            4
   e - Iskenderun's Mystic Blast      Conjuration                  4
   f - Iskenderun's Battlesphere      Conjuration/Charms           5
 E - a book of Air

   Spells                             Type                      Level
   a - Shock                          Conjuration/Air              1
   b - Swiftness                      Charms/Air                   2
   c - Repel Missiles                 Charms/Air                   2
   d - Static Discharge               Conjuration/Air              3
   e - Lightning Bolt                 Conjuration/Air              5
Comestibles
 c - 7 bread rations
 o - 3 meat rations
 w - a beef jerky
 G - a chunk of flesh


   Skills:
 - Level 2.4 Dodging
 - Level 2.4 Stealth
 * Level 8.1 Spellcasting
 + Level 6.2 Conjurations
 * Level 4.3 Charms


You had 12 spell levels left.
You knew the following spells:

 Your Spells              Type           Power        Failure   Level  Hunger
a - Magic Dart            Conj           ####         1%          1    None
b - Iskenderun's Battles  Conj/Chrm      ####....     28%         5    #####..
c - Iskenderun's Mystic   Conj           #####...     8%          4    ###....


Dungeon Overview and Level Annotations

Branches:
Dungeon (6/15)
 Temple: D:4-7

Altars:
Elyvilon
Okawaru

Annotations:
D:5 Eustachio
D:6 Edmund


Message History

Edmund is severely wounded.
Edmund hits you with a flail of protection!
The orc wizard mumbles some strange words.
The orc wizard blinks!
There is a stone staircase leading up here.
Casting: Magic Dart
Confirm with . or Enter, or press ? or * to list all spells.
Aiming: Iskenderun's Mystic Blast
Press: ? - help, Shift-Dir - straight line, f/p - Edmund
Aim: Edmund, wielding a flail of protection and wearing a runed leather armour (severely wounded)
The orb of energy hits Edmund.
Edmund is almost dead.
Edmund hits you with a flail of protection.
You hit Edmund but do no damage.
Edmund is almost dead.
The orc wizard points at you and mumbles some strange words.
The magic dart hits you!
* * * LOW HITPOINT WARNING * * *
Edmund hits you with a flail of protection.
You die...

.........#
..)#.o#(.#..#..
#.#..#..#..#..#.
#..#..#..#..#...
#...#..#..#..#..
#####.#..#..#..#..#.
#...#...............
#.#....#..##.#####.o
#..@@..##.##.# ##o
###....# ..#.# #.
#......###.#.# ####o
###.###..oo....#
#.o..
#.....(#####...#
#o### #.#.....#
#..># #.# #.####..#
#.#.###o# #.# #..#
#.#.oo..# #.####..#
#.#######


You could see Edmund, 2 orc wizards and an orc.

Vanquished Creatures
  An ogre (D:5)
  The ghost of moogleknight the Skirmisher, an amateur DsWn (D:3)
  2 orc wizards (D:5)
  Jessica (D:3)
  Ijyb (D:3)
  2 iguanas
  Natasha (D:3)
  3 worker ants
  A hound skeleton (D:4)
  4 adders
  3 gnolls (D:4)
  An ooze (D:3)
  An adder zombie (D:6)
  2 worms (D:2)
  2 dart slugs
  4 leopard geckos
  8 orcs
  2 giant cockroaches
  7 goblins
  13 hobgoblins
  A quokka (D:4)
  6 bats
  5 frilled lizards
  A jackal zombie (D:5)
  6 kobolds
  A rat (D:1)
80 creatures vanquished.

Notes
Turn   | Place    | Note
-------+----------+-------------------------------------------
     0 | D:1      | RonnieColeman the Deep Elf Conjurer began the quest for the Orb.
     0 | D:1      | Reached XP level 1. HP: 10/10 MP: 6/6
   161 | D:1      | Reached XP level 2. HP: 15/15 MP: 2/8
   237 | D:1      | Reached skill level 4 in Spellcasting
   752 | D:2      | Reached XP level 3. HP: 12/19 MP: 3/10
   929 | D:2      | Found a faded altar of an unknown god.
  1281 | D:3      | Noticed moogleknight's ghost (amateur DsWn)
  1391 | D:3      | Noticed Jessica
  1401 | D:3      | Killed Jessica
  1401 | D:3      | Reached skill level 5 in Spellcasting
  1401 | D:3      | Reached skill level 5 in Conjurations
  1401 | D:3      | Reached XP level 4. HP: 15/24 MP: 0/13
  1407 | D:3      | Learned a level 4 spell: Iskenderun's Mystic Blast
  1795 | D:3      | Killed moogleknight's ghost
  1795 | D:3      | Reached skill level 6 in Spellcasting
  1795 | D:3      | Reached XP level 5. HP: 28/28 MP: 0/16
  1813 | D:3      | Noticed Natasha
  1922 | D:3      | Killed Natasha
  2033 | D:3      | Noticed Ijyb
  2038 | D:3      | Killed Ijyb
  2038 | D:3      | Reached skill level 7 in Spellcasting
  2166 | D:3      | Learned a level 5 spell: Iskenderun's Battlesphere
  2415 | D:4      | Reached skill level 1 in Charms
  2415 | D:4      | Reached XP level 6. HP: 32/32 MP: 12/18
  2469 | D:4      | Found a white marble altar of Elyvilon.
  2809 | D:4      | Found an iron altar of Okawaru.
  3398 | D:5      | Entered Level 5 of the Dungeon
  3796 | D:5      | Reached skill level 8 in Spellcasting
  3796 | D:5      | Reached XP level 7. HP: 36/36 MP: 5/20
  3805 | D:5      | Noticed Eustachio
  4028 | D:6      | Noticed Edmund
  4061 | D:6      | Slain by Edmund

Vault maps used:
D:1:      saegor_arrival_miasma
D:2:      chequers_ecumenical_altar_grove, roderic_nine_men_s_morris
D:3:      first_bread, uniq_jessica, uniq_natasha, uniq_iyjb
D:4:      elyvilon_altar_5, okawaru_metal_pillars_1_2
D:5:      nemelex_xobeh_ov_fountains_minmay, serial_park, serial_park_paths,
          serial_park_square1, serial_park_gazebo, serial_park_square2,
          serial_park_tiny_2, serial_shops, shop,
          minmay_a_box_with_orc_wizards_in_it, uniq_eustachio
D:6:      minmay_misc_feat_diagonals, uniq_edmund

Skill      XL: |  1  2  3  4  5  6 |
---------------+-------------------+-----
Spellcasting   | 4 5 6 7 8 |  8.1
Conjurations   | 5 6 |  6.2
Charms         | 1 4 |  4.3
Dodging        | |  2.4
Stealth        | |  2.4

Action                   |  1- 3 |  4- 6 |  7- 9 || total
-------------------------+-------+-------+-------++-------
Melee: Spear             |    11 |    23 |     3 ||    37
 Cast: Magic Dart        |    90 |    88 |    17 ||   195
       Iskenderun's Myst |       |    18 |     8 ||    26
Evoke: Wand              |       |     1 |       ||     1
  Use: Scroll            |       |     6 |       ||     6
  Eat: Chunk             |     1 |     8 |       ||     9
       Meat ration       |       |     1 |       ||     1
Armor: Robe              |     4 |     9 |       ||    13
Dodge: Dodged            |     9 |    31 |     1 ||    41
